 Dungeon Crawl Stone Soup version 0.30.0-19-g36f170ea60 (webtiles) character file.

Game seed: 12733503980701595731

53298 Sunscream the Warrior (level 14, -10/137 HPs)
             Began as a Minotaur Fighter on May 27, 2023.
             Was an Elder of the Shining One.
             Killed from afar by Jorgrun (47 damage)
             ... with a blast of rock fragments
             ... on level 12 of the Dungeon on May 29, 2023.
             The game lasted 03:09:05 (21955 turns).

Sunscream the Warrior (Minotaur Fighter)           Turns: 21955, Time: 03:09:05

Health: -10/137    AC: 16    Str: 31    XL:     14   Next: 30%
Magic:  17/17      EV: 10    Int:  5    God:    the Shining One [****..]
Gold:   1334       SH:  6    Dex: 11    Spells: 17/17 levels left

rFire   . . .        t - +8 whip "Snakebite" {venom, curare, rPois}
rCold   . . .        c - +0 buckler
rNeg    + + .        b - +0 plate armour
rPois   +            (helmet restricted)
rElec   .            N - +0 cloak
rCorr   .            u - +0 pair of gloves
SInv    .            Q - +0 pair of boots
Will    ++...        G - amulet of regeneration Stlth
                     R - +6 ring of strength
HPRegen 1.22/turn    U - ring of willpower
MPRegen 0.15/turn

%: no passive effects
@: corroded, glowing
A: horns 2, retaliatory headbutt
a: Renounce Religion, Divine Shield, Cleansing Flame


You were on level 12 of the Dungeon.
You worshipped the Shining One.
The Shining One was greatly pleased with you.
You visited 4 branches of the dungeon, and saw 21 of its levels.

You collected 1334 gold pieces.

Inventory:

Hand Weapons
 a - a +0 war axe
 t - the +8 whip "Snakebite" (weapon) {venom, curare, rPois}
   (You found it on level 1 of the Lair of Beasts)

   rPois:     It protects you from poison.
 z - the +3 war axe "Demaesip" {venom, rPois Int+3 Dex+2}
   (You found it on level 13 of the Dungeon)

   Int:       It affects your intelligence (+3).
   Dex:       It affects your dexterity (+2).
   rPois:     It protects you from poison.
 C - a +0 whip of flaming
 D - a +4 flail of protection
 F - a +0 battleaxe
 I - a +2 heavy dire flail
 Z - the +9 staff of Olgreb {rPois∞}
   (You found it on level 10 of the Dungeon)

   It enhances your poison magic.
   It grants immunity to poison.
   It can be activated via the 'a'bility menu to radiate toxic energy, with
   effectiveness depending on Evocations skill.
Missiles
 w - 13 boomerangs
 L - 22 poisoned darts (quivered)
 M - a throwing net
 T - 2 atropa-tipped darts
 V - 3 curare-tipped darts
Armour
 b - a +0 plate armour (worn)
 c - a +0 buckler (worn)
 u - a +0 pair of gloves (worn)
 N - a +0 cloak (worn)
 Q - a +0 pair of boots (worn)
 S - +0 steam dragon scales
Jewellery
 p - a ring of ice
 E - a +6 ring of strength
 G - an amulet of regeneration (around neck)
 R - a +6 ring of strength (left hand)
 U - a ring of willpower (right hand)
Wands
 f - a wand of roots (4)
 i - a wand of polymorph (12)
 q - a wand of flame (6)
 x - a wand of digging (13)
 K - a wand of quicksilver (9)
Scrolls
 e - 2 scrolls of fog
 g - 4 scrolls of enchant weapon
 l - a scroll of fear
 m - 3 scrolls of amnesia
 n - 2 scrolls of immolation
 r - 2 scrolls of poison
 y - a scroll of silence
 J - 5 scrolls of teleportation
 W - a scroll of magic mapping
 X - a scroll of blinking
Potions
 d - 4 potions of might
 h - 3 potions of haste
 j - 2 potions of flight
 k - 6 potions of lignification
 o - 6 potions of curing
 s - 3 potions of berserk rage
 v - 3 potions of heal wounds
 A - 2 potions of cancellation
 B - 2 potions of brilliance
 H - 3 potions of magic
 O - a potion of ambrosia {unknown}
 P - 2 potions of mutation
 Y - a potion of degeneration {unknown}


   Skills:
 - Level 16.0 Fighting
 - Level 7.4(12.2) Axes
 - Level 13.2(14.0) Maces & Flails
 - Level 7.4(8.9) Polearms
 - Level 2.1 Throwing
 + Level 13.1 Armour
 - Level 6.0 Dodging
 - Level 2.0 Stealth
 + Level 11.3 Shields
 - Level 2.0 Spellcasting
 + Level 6.1 Invocations


You had 17 spell levels left.
You didn't know any spells.
Your spell library contained the following spells:

 Spells                   Type           Power      Damage    Failure   Level
 Beastly Appendage        Tmut           0%         N/A       95%         1
 Freeze                   Ice            0%         1d3       95%         1
 Shock                    Conj/Air       0%         1d3       95%         1
 Blink                    Tloc           0%         N/A       99%         2
 Cigotuvi's Dreadful Rot  Necr/Pois/Air  0%         N/A       99%         2
 Lesser Beckoning         Tloc           0%         N/A       99%         2
 Momentum Strike          Conj/Tloc      0%         3d8       99%         2
 Poisonous Vapours        Pois/Air       0%         N/A       99%         2
 Wereblood                Tmut           0%         N/A       99%         2
 Frozen Ramparts          Ice            0%         1d1       100%        3
 Hailstorm                Conj/Ice       0%         3d3       100%        3
 Ignite Poison            Fire/Tmut/Pois 0%         N/A       100%        3
 Mephitic Cloud           Conj/Pois/Air  0%         N/A       100%        3
 Spider Form              Tmut/Pois      0%         N/A       100%        3
 Swiftness                Air            0%         N/A       100%        3
 Airstrike                Air            0%         2d(0-16)  100%        4
 Ice Form                 Ice/Tmut       0%         N/A       100%        4
 Summon Lightning Spire   Summ/Air       0%         N/A       100%        4
 Freezing Cloud           Conj/Ice/Air   0%         6-21      100%        5
 Iskenderun's Battlesphe  Conj           0%         2d6       100%        5
 Iron Shot                Conj/Erth      0%         9d1       100%        6
 Simulacrum               Ice/Necr       0%         N/A       100%        6
 Spellforged Servitor     Conj/Summ      0%         N/A       100%        7
 Storm Form               Tmut/Air       0%         N/A       100%        7
 Maxwell's Capacitive Co  Air            0%         ∞         100%        8


Dungeon Overview and Level Annotations

Branches:
Dungeon (14/15)            Temple (1/1) D:6            Lair (5/5) D:9
  Swamp (0/4) Lair:3        Snake (1/4) Lair:2
  Slime: Lair:4-5       Orc: D:9-12      Vaults: D:13-14

Altars:
Ashenzari
Cheibriados
Dithmenos
Elyvilon
Fedhas
Gozag
Hepliaklqana
Kikubaaqudgha
Makhleb
Nemelex Xobeh
Okawaru
Qazlal
Ru
Sif Muna
Trog
Uskayaw
Vehumet
Wu Jian
Xom
Yredelemnul
Zin
The Shining One

Annotations:
D:10 1 runed translucent door
D:12 Jorgrun
Lair:2 2 transporters, exclusion: downstairs, Heuhor's ghost, journeyman TrFi


Innate Abilities, Weirdness & Mutations

You have a pair of horns on your head.
You reflexively headbutt those who attack you in melee.


Message History

Jorgrun Earthshaker comes into view.
He is wielding a staff of earth.
Jorgrun gestures at the rock wall while chanting.
Some rock shatters into small pieces.
The acid dragon spits acid at you. The splash of acid hits you.
The acid corrodes you!
You hit the acid dragon but do no damage.
You headbutt the acid dragon!
The acid dragon is severely wounded.
You whack the acid dragon!
The acid dragon is almost dead.
The acid dragon bites you but does no damage.
The acid dragon claws you.
You barely miss the acid dragon. Your headbutt misses the acid dragon.
The acid dragon is almost dead.
You whack the acid dragon!
You kill the acid dragon!
You throw a poisoned dart.
The poisoned dart closely misses Jorgrun.
A slime creature comes into view.
Jorgrun points at you and mumbles some strange words.
The iron shot hits you!!!
You throw a poisoned dart.
The poisoned dart barely misses Jorgrun.
The poisoned dart hits the slime creature.
You throw a poisoned dart. The poisoned dart hits Jorgrun.
Jorgrun is poisoned.
A slime creature comes into view. x2
You throw a poisoned dart. The poisoned dart hits Jorgrun.
Jorgrun looks even sicker.
The slime creature quivers.
Jorgrun points at you and mumbles some strange words.
The iron shot hits you!!!
* * * LOW HITPOINT WARNING * * *
Blink to where?
Press: ? - help, Dir - move target, p - Jorgrun
As you read the scroll of blinking, it crumbles to dust.
You hear a grinding noise.
You hear a grinding noise.
Jorgrun casts a spell next to you.
The wall shatters!
The blast of rock fragments hits you!!!
You die...

#.### ##.......J.
...#####..J.g(J.J(
#####.......gJ...?...
#........##..........
#.......##.#.........
#.......#.##.........
#....[...# ##?.......
#.......# ##....)..
#......@#### ##.....
#####.#....######..
######...>.#
#####...# ..## #.# ..
#.. #..


You could see Jorgrun (poisoned) and a slime creature.

Vanquished Creatures
  Erolcha (D:9)
  4 hydras
  Fannar (D:10)
  Erica (D:8)
  A centaur warrior (D:13)
  A catoblepas (Lair:1)
  A naga warrior (Lair:2)
  2 two-headed ogres
  A shock serpent (Lair:2)
  3 death yaks (Lair:4)
  Nergalle (D:10)
  Lodul (D:10)
  5 wolf spiders (D:10)
  A mana viper (Lair:2)
  2 cyclopes (D:11)
  6 ugly things (D:14)
  10 elephants
  8 black mambas
  8 torpor snails (Lair:4)
  12 cane toads
  Maggie (D:8)
  8 komodo dragons
  6 trolls
  5 polar bears
  4 hornets
  9 blink frogs (Lair:3)
  Sigmund (D:6)
  2 shadows
  A vampire (D:10)
  7 wyverns
  4 basilisks
  36 yaks
  4 steam dragons
  5 vampire mosquitoes (Lair:3)
  2 nagas (Lair:2)
  5 redbacks (D:10)
  2 acid dragons
  Edmund (D:5)
  20 water moccasins
  2 sky beasts
  3 orc warriors
  3 ice beasts
  6 black bears
  9 ogres
  A wolf (Lair:4)
  4 centaurs
  A phantom (D:6)
  7 kobold brigands
  16 bullfrogs
  4 scorpions
  4 wights (D:5)
  16 killer bees
  2 electric eels (Lair:3)
  9 howler monkeys
  8 orc priests
  2 gnoll boudas
  5 hounds
  Crazy Yiuf (D:6)
  4 iguanas
  7 orc wizards
  A hound zombie (D:4)
  19 gnolls
  20 adders
  An ufetubus (D:5)
  2 worms
  3 dart slugs
  21 orcs
  8 ball pythons
  9 bats
  8 endoplasms
  4 giant cockroaches
  10 goblins
  8 hobgoblins
  2 jackals (D:3)
  4 quokkas
  4 frilled lizards
  A jackal zombie (D:4)
  33 kobolds
  11 rats
476 creatures vanquished.

Vanquished Creatures (others)
  An orc (D:7)
1 creature vanquished.

Grand Total: 477 creatures vanquished

Notes
Turn   | Place    | Note
-------+----------+-------------------------------------------
     0 | D:1      | Sunscream the Minotaur Fighter began the quest for the Orb.
     0 | D:1      | Reached XP level 1. HP: 19/19 MP: 0/0
   384 | D:1      | Reached XP level 2. HP: 27/27 MP: 1/1
   556 | D:1      | Reached skill level 4 in Fighting
   790 | D:1      | Reached XP level 3. HP: 33/33 MP: 2/2
  1266 | D:2      | Found an iron altar of Okawaru.
  1301 | D:2      | Reached skill level 1 in Throwing
  1517 | D:2      | Reached XP level 4. HP: 40/40 MP: 3/3
  2403 | D:3      | Reached XP level 5. HP: 46/46 MP: 4/4
  2857 | D:4      | Reached skill level 5 in Axes
  2958 | D:4      | Noticed a black bear
  2972 | D:4      | Killed a black bear
  2973 | D:4      | Reached skill level 5 in Fighting
  2973 | D:4      | Reached XP level 6. HP: 49/56 MP: 5/5
  3231 | D:4      | Reached skill level 6 in Fighting
  3381 | D:4      | Reached skill level 1 in Dodging
  3381 | D:4      | Reached XP level 7. HP: 51/64 MP: 6/6
  3447 | D:5      | Entered Level 5 of the Dungeon
  4341 | D:4      | Reached skill level 7 in Fighting
  4670 | D:4      | Found a basalt altar of Yredelemnul.
  5849 | D:5      | Reached skill level 1 in Polearms
  5964 | D:5      | Reached skill level 5 in Armour
  6040 | D:5      | Reached XP level 8. HP: 55/70 MP: 7/7
  6431 | D:5      | Found an ornate altar of the Wu Jian Council.
  6538 | D:5      | Found a stormy altar of Qazlal.
  6599 | D:5      | Found a glowing golden altar of the Shining One.
  6716 | D:5      | Noticed Edmund
  6736 | D:5      | Killed Edmund
  7382 | D:6      | Reached skill level 5 in Polearms
  7428 | D:6      | Reached skill level 8 in Fighting
  7648 | D:6      | Noticed Sigmund
  7804 | D:6      | Found a staircase to the Ecumenical Temple.
  7853 | D:6      | Reached XP level 9. HP: 68/82 MP: 8/8
  8035 | D:6      | Found a runed translucent door.
  8036 | D:6      | Noticed Crazy Yiuf
  8042 | D:6      | Killed Crazy Yiuf
  8126 | D:6      | Killed Sigmund
  8450 | D:6      | Reached skill level 9 in Fighting
  9156 | Temple   | Entered the Ecumenical Temple
  9669 | D:7      | Reached skill level 10 in Fighting
 10126 | D:5      | Became a worshipper of the Shining One
 10342 | D:7      | Reached skill level 1 in Maces & Flails
 10559 | D:7      | Reached skill level 5 in Shields
 10898 | D:8      | Reached XP level 10. HP: 94/94 MP: 9/9
 11224 | D:8      | Reached skill level 11 in Fighting
 11478 | D:8      | Reached skill level 5 in Maces & Flails
 11525 | D:8      | Noticed Erica
 11597 | D:8      | Killed Erica
 11817 | D:8      | Noticed Maggie
 11834 | D:8      | Killed Maggie
 11835 | D:8      | Reached skill level 12 in Fighting
 11989 | D:10     | Entered Level 10 of the Dungeon
 12127 | D:9      | Found a staircase to the Lair.
 12127 | D:9      | Noticed an elephant
 12196 | D:9      | Killed an elephant
 12201 | D:9      | Reached XP level 11. HP: 104/106 MP: 10/10
 12349 | D:9      | Noticed a two-headed ogre
 12349 | D:9      | Reached * piety under the Shining One
 12373 | D:9      | Reached skill level 13 in Fighting
 12455 | D:9      | Killed a two-headed ogre
 12585 | D:9      | Noticed Erolcha
 12591 | D:9      | Killed Erolcha
 13365 | D:10     | Found the +9 staff of Olgreb {rPois∞}
 13373 | D:10     | Noticed a wolf spider
 13373 | D:10     | Noticed a wolf spider
 13373 | D:10     | Noticed a wolf spider
 13373 | D:10     | Noticed a wolf spider
 13374 | D:10     | Found a runed translucent gate.
 13374 | D:10     | Found a runed translucent gate.
 13405 | D:10     | Noticed Lodul
 13428 | D:10     | Killed Lodul
 13515 | D:10     | Noticed Nergalle
 13525 | D:10     | Killed Nergalle
 13532 | D:10     | Found an ancient bone altar of Kikubaaqudgha.
 13546 | D:10     | Found an opulent altar of Gozag.
 13546 | D:10     | Noticed a two-headed ogre
 13550 | D:10     | Killed a two-headed ogre
 13551 | D:10     | Reached skill level 14 in Fighting
 13551 | D:10     | Reached skill level 1 in Invocations
 13565 | D:10     | Found a glowing silver altar of Zin.
 13570 | D:10     | Found a bloodstained altar of Trog.
 13579 | D:10     | Found a white marble altar of Elyvilon.
 13579 | D:10     | Noticed Fannar
 13598 | D:10     | Killed Fannar
 13599 | D:10     | Reached skill level 10 in Maces & Flails
 13599 | D:10     | Reached skill level 10 in Armour
 13634 | D:10     | Found a burning altar of Makhleb.
 13646 | D:10     | Found a hazy altar of Hepliaklqana.
 13954 | D:10     | Noticed a wolf spider
 13954 | D:10     | Found a runed translucent gate.
 13955 | D:10     | Found a runed translucent door.
 13978 | D:10     | Found a runed translucent door.
 14483 | Lair:1   | Entered Level 1 of the Lair of Beasts
 14813 | Lair:1   | Reached XP level 12. HP: 118/118 MP: 13/13
 14897 | Lair:1   | Reached ** piety under the Shining One
 15575 | Lair:1   | Found the +8 whip "Snakebite" {venom, curare, rPois}
 15703 | Lair:2   | Identified the +5 dagger "Qogo Wuz" {flame, Fly rElec rF+
                  | Int-5 Dex+3}
 15713 | Lair:2   | Reached skill level 15 in Fighting
 15737 | Lair:2   | Noticed a catoblepas
 15757 | Lair:1   | Killed a catoblepas
 15824 | Lair:2   | Found a transporter.
 15868 | Lair:2   | Found a staircase to the Snake Pit.
 15905 | Lair:2   | Noticed Heuhor's ghost (journeyman TrFi)
 15913 | Lair:2   | Found a transporter.
 16587 | Lair:2   | Reached skill level 16 in Fighting
 16994 | Lair:2   | Found a bloodstained altar of Trog.
 17082 | Lair:3   | Found a staircase to the Swamp.
 17288 | Lair:3   | Reached *** piety under the Shining One
 17384 | Lair:3   | Noticed a five-headed hydra
 17735 | Lair:3   | Noticed a four-headed hydra
 17750 | Lair:3   | Killed a four-headed hydra
 17751 | Lair:3   | Reached XP level 13. HP: 117/128 MP: 15/15
 18141 | Lair:4   | Reached skill level 1 in Stealth
 19538 | Lair:4   | Found a snail-covered altar of Cheibriados.
 19575 | Lair:4   | Reached skill level 1 in Spellcasting
 19655 | Lair:4   | Reached skill level 5 in Dodging
 19884 | Lair:4   | Reached skill level 10 in Shields
 20223 | Lair:5   | Entered Level 5 of the Lair of Beasts
 20660 | Snake:1  | Entered Level 1 of the Snake Pit
 20837 | Snake:1  | Noticed a nagaraja
 21207 | D:10     | Reached XP level 14. HP: 74/137 MP: 13/16
 21225 | D:10     | Reached skill level 5 in Invocations
 21767 | D:11     | You fall into a shaft and drop 3 floors!
 21863 | D:13     | Identified the +3 war axe "Demaesip" {venom, rPois Int+3
                  | Dex+2}
 21940 | D:12     | Noticed Jorgrun
 21940 | D:12     | Reached **** piety under the Shining One
 21955 | D:12     | Killed from afar by Jorgrun

Illustrated notes

Levels and vault maps discovered:
D:1:      spicycebolla_arrival_risky_transporter, layout_basic, minmay_cupped
D:2:      layout_rooms, basic_altar
D:3:      layout_loops_ring, minmay_diced_spiral
D:4:      minmay_general_purpose_star, layout_loops_corners,
          lemuel_zombie_altar_yredelemnul, corexii_shack, hangedman_glass_teeth
D:5:      layout_basic, nicolae_wu_jian_wuxing_cycle,
          lemuel_coloured_pillars_altar, nicolae_tso_carved_into_rock,
          minmay_misc_feat_ornament, minmay_tree_intersection, uniq_edmund
D:6:      layout_cave_pools, minmay_temple_entry_from_below_a, uniq_sigmund,
          uniq_crazy_yiuf_cottage
D:7:      layout_loops_ring, st_stairs_14
D:8:      layout_loops_ring, uniq_maggie, uniq_erica
D:9:      layout_loops_ring, david_lair_generic, minmay_misc_feat_cross,
          minmay_joined_circles, uniq_erolcha
D:10:     layout_loops_cross, grunt_temple_overflow_octagram,
          minmay_guarded_unrand_staff_of_olgreb, uniq_fannar, uniq_nergalle,
          uniq_lodul
D:11:     layout_cave_pods
D:12:     layout_rooms, kennysheep_orc_monster_closet_entryway, uniq_jorgrun,
          uniq_nessos
D:13:     layout_basic, uniq_kirke
D:14:     layout_basic, skrybe_vaults_entry_preservation, nicolae_wwwww
Temple:   grunt_temple_mini_profane
Lair:1:   minmay_guarded_unrand_snakebite, layout_misc_corridors
Lair:2:   layout_regular_city, guppyfry_snake_entry_island,
          gammafunk_ghost_wrathful_warriors, lemuel_fruit_tree
Lair:3:   layout_cave_pods, minmay_swamp_entry_swarm, pdpol_lair_cavern_descent
Lair:4:   wad_woods_structure_01, layout_big_grid, kennysheep_snail_temple
Lair:5:   evilmike_catoblepas_cave, layout_gridlike, minmay_slime_entry_pillars,
          dreamdust_wasp_nest
Snake:1:  nicolae_snake_nest, layout_grid_shapes, nicolae_shop_clearance

Skill      XL: |  1  2  3  4  5  6  7  8  9 10 11 12 13 14 |
---------------+-------------------------------------------+-----
Fighting       | 4 5 6 7 8 10 12 14 16 | 16.0
Armour         | 4 5 7 8 10 12 13 | 13.1
Shields        | 4 5 6 7 10 11 | 11.3
Axes           | 3 4 5 6 7 |  7.4
Throwing       | 1 2 |  2.1
Dodging        | 1 2 6 |  6.0
Polearms       | 2 5 7 |  7.4
Maces & Flails | 2 7 10 13 | 13.2
Invocations    | 3 4 6 |  6.1
Stealth        | 2 |  2.0
Spellcasting   | 2 |  2.0

Action                     |  1- 3 |  4- 6 |  7- 9 | 10-12 | 13-15 || total
---------------------------+-------+-------+-------+-------+-------++-------
  Melee: War axe           |    86 |   103 |    73 |       |       ||   262
         Headbutt          |    14 |    16 |    49 |   192 |   194 ||   465
         Halberd           |       |       |   211 |       |       ||   211
         Flail             |       |       |    59 |   426 |       ||   485
         Whip              |       |       |       |   199 |   538 ||   737
  Throw: Stone             |     8 |     2 |       |       |       ||    10
         Boomerang         |       |     4 |    25 |       |    12 ||    41
         Dart              |       |       |    10 |    17 |    90 ||   117
 Invoke: Divine Shield     |       |       |       |     1 |     3 ||     4
  Evoke: Wand              |       |       |       |       |     1 ||     1
    Use: Scroll            |       |     3 |     8 |    16 |     4 ||    31
         Potion            |       |       |     2 |       |     2 ||     4
 Armour: Scale mail        |     3 |       |       |       |       ||     3
         Chain mail        |    37 |    55 |   162 |    67 |       ||   321
         Plate armour      |       |       |       |   207 |   158 ||   365
  Dodge: Dodged            |    23 |    46 |   188 |   151 |   105 ||   513
  Block: Buckler           |    10 |    29 |    36 |    96 |    86 ||   257
